 Dungeon Crawl Stone Soup version 0.31.0-32-g396128a36d (webtiles) character file.

Game seed: 16283441776001769163

206 PaiMei the Gusty (level 5, -4/31 HPs)
             Began as a Tengu Air Elementalist on Mar 15, 2024.
             Was an Initiate of Vehumet.
             Slain by a black bear (11 damage)
             ... on level 4 of the Dungeon.
             The game lasted 00:06:46 (3409 turns).

PaiMei the Gusty (Tengu Air Elementalist)           Turns: 3409, Time: 00:06:47

Health: -4/31      AC:  3    Str:  8    XL:     5   Next: 84%
Magic:  1/10       EV: 13    Int: 17    God:    Vehumet [......]
Gold:   167        SH:  0    Dex: 15    Spells: 7/10 levels left

rFire   . . .        k - +1 dagger (speed)
rCold   . . .        (no shield)
rNeg    . . .        a - +0 robe
rPois   .            (helmet restricted)
rElec   .            (no cloak)
rCorr   .            f - +0 pair of gloves
SInv    .            (boots unavailable)
Will    .....        (no amulet)
Stlth   ++           (no ring)
HPRegen 0.25/turn    (no ring)
MPRegen 0.12/turn

%: acrobat
@: very slightly contaminated
A: beak, talons 3, acrobatic
a: Renounce Religion


You were on level 4 of the Dungeon.
You worshipped Vehumet.
Vehumet was noncommittal.
You visited 1 branch of the dungeon, and saw 4 of its levels.

You collected 167 gold pieces.

Inventory:

Hand Weapons
 k - a +1 dagger of speed (weapon)
Missiles
 o - 3 poisoned darts (quivered)
Armour
 a - a +0 robe (worn)
 f - a +0 pair of gloves (worn)
Wands
 c - a wand of charming (8)
 r - a wand of digging (6)
Scrolls
 d - 5 scrolls of identify {unknown}
 h - 3 scrolls of teleportation {unknown}
 i - a scroll of revelation {unknown}
 j - 2 scrolls of fear {unknown}
 l - 2 scrolls of amnesia {unknown}
 m - 3 scrolls of immolation {unknown}
 n - a scroll of silence {unknown}
 t - a scroll of fog {unknown}
Potions
 b - a potion of magic
 e - a potion of heal wounds {unknown}
 g - a potion of cancellation {unknown}
 p - a potion of experience {unknown}
 q - a potion of curing {unknown}
 s - a potion of brilliance {unknown}


   Skills:
 + Level 2.7 Fighting
 + Level 3.5 Dodging
 - Level 2.1 Stealth
 + Level 3.0 Spellcasting
 - Level 1.7 Conjurations
 + Level 5.2 Air Magic


You had 7 spell levels left.
You knew the following spells:

 Your Spells              Type           Power      Damage    Failure   Level
a - Shock                 Conj/Air       56%        1d6       4%          1
b - Static Discharge      Conj/Air       28%        3-5/arc   6%          2

Your spell library contained the following spells:

 Spells                   Type           Power      Damage    Failure   Level
 Swiftness                Air            20%        N/A       6%          3
 Airstrike                Air            10%        2d(2-18)  21%         4
 Sublimation of Blood     Necr           2%         N/A       26%         2
 Ignite Poison            Fire/Alch      2%         N/A       86%         4
 Petrify                  Alch/Erth      2%         N/A       86%         4
 Sticky Flame             Fire/Alch      2%         2d4       86%         4
 Irradiate                Conj/Alch      2%         3d12      98%         5
 Ignition                 Fire           1%         3d3       100%        8


Dungeon Overview and Level Annotations

Branches:
Dungeon (4/15)
 Temple: D:4-7

Altars:
Gozag
Ru
Uskayaw
Vehumet
Wu Jian

Shops:
D:1 [


Innate Abilities, Weirdness & Mutations

You have a beak for a mouth.
You have claws for feet.
You can magically evade attacks while moving or waiting.


Message History

Aiming: Shock (safe; 4% risk of failure)
Press: ? - help, Shift-Dir - straight line, f/p - black bear
Aim: a black bear (severely wounded, 79% to hit)
The zap misses the black bear.
The black bear bites you.
The black bear claws you but does no damage.
The black bear barely misses you.
Casting: Shock (safe; 4% risk of failure)
Confirm with . or Enter, or press ? or * to list all spells.
Aiming: Shock (safe; 4% risk of failure)
Press: ? - help, Shift-Dir - straight line, f/p - black bear
Aim: a black bear (severely wounded, 79% to hit)
The zap hits the black bear but does no damage.
The black bear is severely wounded.
The black bear bites you but does no damage.
The black bear claws you but does no damage.
The black bear claws you.
Casting: Shock (safe; 4% risk of failure)
Confirm with . or Enter, or press ? or * to list all spells.
Aiming: Shock (safe; 4% risk of failure)
Press: ? - help, Shift-Dir - straight line, f/p - black bear
Aim: a black bear (severely wounded, 79% to hit)
The zap hits the black bear.
The black bear is severely wounded.
The black bear bites you but does no damage.
The black bear claws you. x2
You closely miss the black bear. You claw the black bear.
You peck the black bear, but do no damage.
The black bear is almost dead.
The black bear goes berserk!
You barely miss the black bear.
The black bear is almost dead.
The black bear bites you. The black bear misses you. The black bear claws you.
* * * LOW HITPOINT WARNING * * *
You barely miss the black bear.
You claw the black bear, but do no damage.
You peck the black bear, but do no damage.
You punch the black bear, but do no damage.
The black bear is severely wounded.
The black bear bites you!
You die...

. .## ... #. #....
#.. #..#.#.# #.#
#.## ..#.#.## #.#
...## ....... #h#
#..##.##.#'## #@#
#..##.......#
#.####..# ##.....
#.......# ##.....<
####....###.......
#.......'.......
##....###....>..
#..### ##......
#.## ##..... #.#
##...#


You could see a black bear (berserk).

Vanquished Creatures
  An ogre (D:4)
  2 iguanas (D:4)
  2 adders
  A dart slug (D:3)
  A ribbon worm (D:2)
  2 ball pythons
  2 bats
  6 endoplasms
  2 giant cockroaches
  6 goblins
  6 hobgoblins
  6 kobolds
  2 quokkas
  4 frilled lizards (D:1)
  6 rats
49 creatures vanquished.

Notes
Turn   | Place    | Note
-------+----------+-------------------------------------------
     0 | D:1      | PaiMei the Tengu Air Elementalist began the quest for the
                  | Orb.
     0 | D:1      | Reached XP level 1. HP: 10/10 MP: 4/4
   131 | D:1      | Reached XP level 2. HP: 15/15 MP: 3/6
   591 | D:1      | Found Okkevify's Antique Armour Shoppe.
   884 | D:2      | Found a faded altar of an unknown god.
   969 | D:2      | Found an opulent altar of Gozag.
  1013 | D:2      | Reached XP level 3. HP: 20/20 MP: 3/7
  1093 | D:2      | Reached skill level 1 in Fighting
  1862 | D:2      | Learned a level 2 spell: Static Discharge
  2076 | D:3      | Identified the +0 ring mail "Ycut Tueh" {Str+3}
  2658 | D:4      | Reached XP level 4. HP: 9/26 MP: 2/8
  2845 | D:4      | Reached XP level 5. HP: 30/30 MP: 0/10
  3070 | D:4      | Found a sacrificial altar of Ru.
  3143 | D:4      | Found an ornate altar of the Wu Jian Council.
  3144 | D:4      | Found a radiant altar of Vehumet.
  3194 | D:4      | Became a worshipper of Vehumet
  3231 | D:4      | Found a hide-covered altar of Uskayaw.
  3246 | D:4      | Noticed an ogre
  3260 | D:4      | Killed an ogre
  3261 | D:4      | Reached skill level 5 in Air Magic
  3396 | D:4      | Noticed a black bear
  3409 | D:4      | Slain by a black bear

Illustrated notes

Levels and vault maps discovered:
D:1:      dpeg_arrival_tiny_d, layout_rooms, serial_shops, shop,
          dreamdust_princess_corridor, chequers_serial_rivers_small_a,
          grunt_decor_one_mirror, interstate_on_off
D:2:      layout_basic, chequers_ecumenical_altar_simple, basic_altar,
          grunt_ministairs_12, kennysheep_generic_room_3
D:3:      layout_basic, chequers_serial_rivers_room_b
D:4:      layout_loops_corners, mainiacjoe_overflow_paths,
          nicolae_ru_the_path_less_chosen, doesnt_xom_only_xom,
          chequers_temple_overflow_statue_of_worship, portal_sewer_entry_c,
          minmay_ruptured, uniq_duvessa

Skill      XL: |  1  2  3  4  5 |
---------------+----------------+-----
Fighting       | 1 2 |  2.7
Dodging        | 3 |  3.5
Spellcasting   | 3 |  3.0
Air Magic      | 5 |  5.2
Stealth        | |  2.1
Conjurations   | |  1.7

Action                     |  1- 3 |  4- 6 || total
---------------------------+-------+-------++-------
  Melee: Club              |     1 |       ||     1
         Dagger            |     8 |    10 ||    18
         Peck              |     2 |     4 ||     6
         Short sword       |     1 |       ||     1
         Kick              |       |     3 ||     3
         Punch             |       |     1 ||     1
   Cast: Shock             |    84 |    28 ||   112
 Armour: Robe              |    10 |    15 ||    25
  Dodge: Dodged            |    11 |     7 ||    18
